 Dungeon Crawl Stone Soup version 0.29-a0-919-gd064cfad1c (webtiles) character file.

Game seed: 9989278291309339228

11 scionoferis the Caller (level 2, -1/17 HPs)
             Began as an Octopode Summoner on July 26, 2022.
             Slain by a goblin
             ... wielding a +0 club
              (4 damage)
             ... on level 1 of the Dungeon.
             The game lasted 00:02:28 (498 turns).

scionoferis the Caller (Octopode Summoner)           Turns: 498, Time: 00:02:28

Health: -1/17      AC:  1    Str:  7    XL:     2   Next: 25%
Magic:  3/5        EV: 13    Int: 17    God:
Gold:   12         SH:  0    Dex: 12    Spells: 4/5 levels left

rFire   . . .      SeeInvis .   e - +0 dagger
rCold   . . .      Faith    .   (no shield)
rNeg    . . .      Spirit   .   (helmet restricted)
rPois   .          Reflect  .   (no amulet)
rElec   .          Harm     .   (no ring)
rCorr   .          Rampage  .   (no ring)
Will    .....                   (no ring)
Stlth   +++.......              (no ring)
HPRegen 0.05/turn               (no ring)
MPRegen 0.09/turn               (no ring)
                                (no ring)
                                (no ring)

@: no status effects
A: almost no armour, amphibious, 8 rings, camouflage 1, gelatinous body 1,
(nimble swimmer 1), tentacles
a: no special abilities


You were on level 1 of the Dungeon.
You visited 1 branch of the dungeon, and saw 1 of its levels.

You collected 12 gold pieces.

Inventory:

Hand Weapons
 e - a +0 dagger (weapon)
Scrolls
 c - a scroll of enchant armour {unknown}
 f - a scroll of fear {unknown}
Potions
 a - a potion of magic
 b - a potion of resistance {unknown}
 d - a potion of curing {unknown}


   Skills:
 - Level 2.0 Dodging
 - Level 2.6 Stealth
 + Level 2.2 Spellcasting
 * Level 4.3 Summonings


You had 4 spell levels left.
You knew the following spells:

 Your Spells              Type           Power      Damage    Failure   Level
a - Summon Small Mammal   Summ           64%        N/A       3%          1

Your spell library contained the following spells:

 Spells                   Type           Power      Damage    Failure   Level
 Call Imp                 Summ           16%        N/A       4%          2
 Call Canine Familiar     Summ           16%        N/A       10%         3
 Summon Guardian Golem    Hex/Summ       9%         N/A       24%         3
 Summon Lightning Spire   Summ/Air       9%         N/A       61%         4


Dungeon Overview and Level Annotations

Branches:
Dungeon (1/15)

Altars:


Innate Abilities, Weirdness & Mutations

You cannot wear most types of armour.
You are amphibious.
You can wear up to eight rings at the same time.
Your skin changes colour to match your surroundings (Stealth+).
Your rubbery body absorbs attacks. (AC +1, EV +1)
((You are camouflaged when in or above water. (Stealth+)))
You have tentacles for arms and can constrict up to eight enemies at once.


Message History

You kill the endoplasm!
Found a stone staircase leading down.
f - a scroll labelled WIXILO IRESI
Found an escape hatch in the floor.
A hobgoblin comes into view.
Found a scroll labelled MUYROXA YRIDGH.
An endoplasm comes into view.
Found 5 stones and 11 gold pieces.
You see here a potion of magic.
A goblin comes into view. It is wielding a +0 club.
The goblin shouts!
The hobgoblin hits you.
You closely miss the hobgoblin. You grab the hobgoblin.
You constrict the hobgoblin. The hobgoblin closely misses you.
You hit the hobgoblin but do no damage.
The hobgoblin is moderately wounded.
You constrict the hobgoblin, but do no damage.
The hobgoblin barely misses you.
Your rat bites the hobgoblin but does no damage.
You hit the hobgoblin but do no damage.
The hobgoblin is moderately wounded.
You constrict the hobgoblin. The hobgoblin hits you.
Your rat barely misses the hobgoblin.
You hit the hobgoblin but do no damage. You squeeze the hobgoblin.
The hobgoblin is almost dead.
You constrict the hobgoblin.
You kill the hobgoblin!
Your rat disappears in a puff of smoke!
Casting: Summon Small Mammal (safe; 3% risk of failure)
Confirm with . or Enter, or press ? or * to list all spells.
The endoplasm hits you. The goblin hits you with a +0 club.
The endoplasm completely misses you.
Your rat bites the endoplasm.
The dart slug closely misses your rat.
You see here a potion of magic.
The goblin attacks as you move away! The goblin hits you with a +0 club.
* * * LOW HITPOINT WARNING * * *
Casting: Summon Small Mammal (safe; 3% risk of failure)
Confirm with . or Enter, or press ? or * to list all spells.
The goblin hits you with a +0 club.
You die...

.......... .....>......#
.#<#>##..##.#..........#
.##.## ..##........#...#
## ## #.###..##..##...#
# # >........###...>#
#.##.###.#.........# #.
... #.#.###...$.
.#..##w###.#.........
...(.....rJ@.r###....
#......g#### ..
#...?....# #
................#
...$.............
#################


You could see a dart slug, an endoplasm (ally target), a goblin, a friendly
quokka (summoned) and a friendly rat (summoned).

Vanquished Creatures
  A bat (D:1)
  An endoplasm (D:1)
  A hobgoblin (D:1)
  3 kobolds (D:1)
  A quokka (D:1)
  A ball python (D:1)
  A frilled lizard (D:1)
9 creatures vanquished.

Vanquished Creatures (collateral kills)
  A ball python (D:1)
1 creature vanquished.

Grand Total: 10 creatures vanquished

Notes
Turn   | Place    | Note
-------+----------+-------------------------------------------
     0 | D:1      | scionoferis the Octopode Summoner began the quest for the
                  | Orb.
     0 | D:1      | Reached XP level 1. HP: 11/11 MP: 3/3
   221 | D:1      | Reached XP level 2. HP: 8/17 MP: 3/5
   498 | D:1      | Slain by a goblin

Illustrated notes

Levels and vault maps discovered:
D:1:      onia_arrival_handbag, layout_rooms, serial_shops,
          nicolae_shop_overgrown_old_shop, serial_bayou_pond_c,
          kennysheep_minor_cross, st_stairs_5

Action                   || total
-------------------------++-------
Melee: Unarmed           ||     8
       Dagger            ||    13
       Constrict         ||     7
       Tentacles         ||     5
       Punch             ||     2
 Cast: Summon Small Mamm ||     9
 Stab: Sleeping          ||     2
Armor: Skin              ||     4
Dodge: Dodged            ||    14

Table legend: (Time is in decaauts)
 A = Elapsed time spent in this place.
 B = Non-inter-level travel time spent in this place.
 C = Inter-level travel time spent in this place.
 D = Time resting spent in this place.
 E = Time spent auto-exploring this place.
 F = Levels seen in this place.
 G = Mean time per level.
                   A        B        C        D        E       F      G
               +--------+--------+--------+--------+--------+-----+--------+
         Total |    497 |    497 |      0 |     32 |    317 |   1 |  497.0 |
       Dungeon |    497 |    497 |      0 |     32 |    317 |   1 |  497.0 |
               +--------+--------+--------+--------+--------+-----+--------+

Top non-repeatable levels by time:
     D:1: 497 daAuts
